 Dungeon Crawl Stone Soup version 0.28-a0-1505-g8c907de6ad (webtiles) character file.

Game seed: 3755146199220483060

23228 kae the Martial Artist (level 12, 0/110 HPs)
             Began as a Demonspawn Transmuter on Jan 13, 2022.
             Was a Priest of Ru.
             Slain by a seven-headed hydra (5 damage)
             ... on level 3 of the Lair of Beasts.
             The game lasted 00:15:04 (20331 turns).

kae the Martial Artist (Demonspawn Transmuter)     Turns: 20331, Time: 00:15:04

Health: 0/110      AC:  9    Str: 11    XL:     12   Next: 70%
Magic:  23/23      EV: 12    Int: 20    God:    Ru [***...]
Gold:   1395       SH:  0    Dex: 13    Spells: 18/26 levels left

rFire   x . .      SeeInvis +     - Unarmed
rCold   + + +      Faith    .   (shield currently unavailable)
rNeg    . . .      Spirit   .   (armour currently unavailable)
rPois   +          Reflect  .   (helmet currently unavailable)
rElec   .          Harm     .   (cloak currently unavailable)
rCorr   .          Rampage  .   (gloves currently unavailable)
Will    +....                   (boots currently unavailable)
Stlth   +.........              D - amulet of regeneration
HPRegen 1.08/turn               A - ring of see invisible
MPRegen 0.18/turn               C - ring of willpower

@: ice-form, unable to read
A: freezing attack, amphibious, boosted hp, large, (horns 2), powered by pain 1,
(spiny 1), inability to read while threatened, inability to use devices,
(demonic touch 2)
a: End Transformation, Renounce Religion, Draw Out Power


You were on level 3 of the Lair of Beasts.
You worshipped Ru.
Ru was most pleased with you.
You were a creature of crystalline ice.
You visited 3 branches of the dungeon, and saw 15 of its levels.
You also visited: Sewer.

You collected 1395 gold pieces.

Inventory:

Missiles
 z - 2 throwing nets
Armour
 a - a +1 robe (melded)
 j - a +2 leather armour of cold resistance
 u - a +0 cloak (melded)
 E - the +0 hat "Tyhu Izue" (melded) {rPois}
   (You found it on level 8 of the Dungeon)

   rPois:     It protects you from poison.
Jewellery
 k - a ring of protection from cold
 y - a +4 ring of evasion
 A - a ring of see invisible (left front paw)
 C - a ring of willpower (right front paw)
 D - an amulet of regeneration (around neck)
Scrolls
 c - 2 scrolls of enchant armour
 h - a scroll of silence
 p - 4 scrolls of fog
 t - a scroll of enchant weapon
 H - 6 scrolls of teleportation
 I - a scroll of fear
Potions
 b - 3 potions of flight
 d - 2 potions of invisibility
 e - 6 potions of might
 f - 2 potions of magic
 g - 2 potions of curing
 i - a potion of ambrosia
 l - a potion of lignification
 m - 4 potions of heal wounds
 n - a potion of resistance {unknown}
 o - 4 potions of haste {unknown}
 q - 2 potions of cancellation {unknown}
 r - a potion of berserk rage {unknown}
 v - 3 potions of attraction {unknown}
 x - 3 potions of brilliance {unknown}
 B - 2 potions of mutation {unknown}


   Skills:
 + Level 8.0 Fighting
 + Level 7.5 Dodging
 * Level 10.7 Unarmed Combat
 + Level 7.5 Spellcasting
 * Level 10.5 Transmutations
 - Level 5.0 Ice Magic
 - Level 1.0 Poison Magic


You had 18 spell levels left.
You knew the following spells:

 Your Spells              Type           Power      Damage    Failure   Level
a - Beastly Appendage     Tmut           98%        N/A       1%          1
b - Spider Form           Tmut/Pois      30%        N/A       2%          3
c - Ice Form              Ice/Tmut       38%        N/A       3%          4

Your spell library contained the following spells:

 Spells                   Type           Power      Damage    Failure   Level
 Passwall                 Tmut/Erth      23%        N/A       1%          2
 Wereblood                Tmut           49%        N/A       1%          2
 Ensorcelled Hibernation  Hex/Ice        34%        N/A       4%          2
 Ignite Poison            Fire/Tmut/Pois 22%        N/A       5%          3
 Pain                     Necr           28%        1d5       9%          1
 Static Discharge         Conj/Air       7%         N/A       14%         2
 Conjure Flame            Conj/Fire      7%         6-21      26%         3
 Swiftness                Air            7%         N/A       26%         3
 Tukima's Dance           Hex            7%         N/A       26%         3
 Yara's Violent Unravell  Hex/Tmut       14%        3d7       28%         5
 Dispel Undead            Necr           7%         3d8       65%         4
 Fulminant Prism          Conj/Hex       3%         3d6       65%         4
 Iskenderun's Mystic Bla  Conj/Tloc      7%         2d4       65%         4
 Passage of Golubria      Tloc           7%         N/A       65%         4
 Sticky Flame             Conj/Fire      7%         2d3       65%         4
 Agony                    Necr           7%         N/A       94%         5
 Excruciating Wounds      Necr           3%         N/A       94%         5
 Lee's Rapid Deconstruct  Erth           3%         3d6*      94%         5


Dungeon Overview and Level Annotations

Branches:
Dungeon (11/15)            Temple (1/1) D:5            Lair (3/6) D:11
  Snake (0/4) Lair:2          Orc (0/2) D:11          Sewer (visited)
  Swamp: Lair:2-4    Shoals: Lair:2-4

Altars:
Ashenzari
Dithmenos
Fedhas
Gozag
Hepliaklqana
Kikubaaqudgha
Makhleb
Nemelex Xobeh
Okawaru
Qazlal
Ru
Sif Muna
Trog
Uskayaw
Vehumet
Wu Jian
Xom
Zin
The Shining One
Beogh

Annotations:
D:4 2 transporters, bmj180's ghost, amateur MfGl
D:8 exclusion: acid dragon
Lair:2 1 runed translucent door, Hasart's ghost, journeyman DgTm


Innate Abilities, Weirdness & Mutations

You are a creature of crystalline ice.
You have a powerful freezing melee attack.
You are amphibious.
Your maximum health is increased.
Your armour is entirely melded.
You are incapable of wielding weapons or throwing items.
((You have a pair of horns on your head.))
You sometimes gain a little power by taking damage.
((You are partially covered in sharp spines.))
You sometimes lose the ability to read scrolls when taking damage.
You cannot study or use magical devices.
((Your touch may inflict irresistible damage on your foes.))


Message History

You pummel the seven-headed hydra!! You freeze the seven-headed hydra!
The seven-headed hydra is heavily wounded.
A yak comes into view.
The seven-headed hydra completely misses you.
The seven-headed hydra bites you!
The seven-headed hydra bites you but does no damage.
The seven-headed hydra misses you. The seven-headed hydra bites you. x2
The seven-headed hydra misses you.
The yak bellows!
You punch the seven-headed hydra! You freeze the seven-headed hydra.
The seven-headed hydra is severely wounded.
You hit the seven-headed hydra.
The seven-headed hydra seems to slow down.
You freeze the seven-headed hydra.
The seven-headed hydra is almost dead.
You feel a little less agile now. The yak gores you!
The seven-headed hydra bites you.
The seven-headed hydra bites you but does no damage.
The seven-headed hydra bites you.
The seven-headed hydra barely misses you.
The seven-headed hydra bites you!
* * * LOW HITPOINT WARNING * * *
The seven-headed hydra bites you but does no damage.
The seven-headed hydra bites you.
* * * LOW HITPOINT WARNING * * *
You hit the seven-headed hydra but do no damage.
The seven-headed hydra is almost dead.
The yak barely misses you.
You hit the seven-headed hydra. You freeze the seven-headed hydra.
The seven-headed hydra is almost dead.
The seven-headed hydra is no longer moving slowly.
The yak gores you.
* * * LOW HITPOINT WARNING * * *
The seven-headed hydra bites you.
* * * LOW HITPOINT WARNING * * *
The seven-headed hydra bites you!
* * * LOW HITPOINT WARNING * * *
The seven-headed hydra barely misses you.
The seven-headed hydra bites you.
You die...

..................##
....................#
...................##
...................#
..................##
.##..............P#
#...............#
#....#P.#.###.<##
#...Y###..#.P..#
#..YDY#.....P..#
#...Y##....#P..P
#...?Y. ..###P..#
##....# . #...#
#..Y.. ....# ......
.....# #......


You could see a seven-headed hydra and 5 yaks.

Vanquished Creatures
  3 hydras
  A two-headed ogre (D:11)
  A skeletal warrior (D:11)
  2 orc sorcerers (D:8)
  Pikel (D:5)
  A black mamba (Lair:1)
  4 cane toads
  A rime drake (Lair:1)
  3 tengu conjurers
  5 komodo dragons
  4 trolls
  A hornet (Lair:1)
  4 blink frogs (Lair:1)
  Sigmund (D:6)
  2 shadows
  A wyvern (Lair:2)
  2 wraiths (D:10)
  31 yaks
  A basilisk (Lair:1)
  2 steam dragons (D:8)
  A naga (Lair:2)
  An acid dragon (D:11)
  14 water moccasins
  8 orc warriors
  6 black bears
  A sky beast (D:5)
  An ice beast (D:7)
  3 necrophages
  7 wolves
  2 centaurs
  4 ogres
  A lemure (D:5)
  4 phantoms
  7 bullfrogs
  3 gnoll sergeants
  4 scorpions
  4 killer bees
  4 wights
  An electric eel (Lair:1)
  4 howler monkeys
  2 centaur zombies
  3 hounds
  Crazy Yiuf (D:6)
  A bullfrog skeleton (D:5)
  2 gnoll shamans
  4 orc priests
  3 jellies
  Jessica (D:2)
  9 orc wizards
  Ijyb (D:4)
  A howler monkey zombie (D:11)
  31 gnolls
  5 adders
  5 river rats
  A white imp (D:7)
  An adder skeleton (D:4)
  3 worms
  3 dart slugs
  47 orcs
  13 ball pythons
  11 bats
  13 endoplasms
  3 giant cockroaches
  11 goblins
  8 hobgoblins
  7 jackals
  22 kobolds
  2 quokkas
  2 frilled lizards (D:3)
  27 rats
394 creatures vanquished.

Vanquished Creatures (others)
  13 fungi
  11 plants
24 creatures vanquished.

Grand Total: 418 creatures vanquished

Notes
Turn   | Place    | Note
-------+----------+-------------------------------------------
     0 | D:1      | kae the Demonspawn Transmuter began the quest for the Orb.
     0 | D:1      | Reached XP level 1. HP: 15/15 MP: 3/3
   149 | D:1      | Found a faded altar of an unknown god.
   206 | D:1      | Gained mutation: You are partially covered in sharp spines.
                  | [demonic ancestry]
   206 | D:1      | Reached XP level 2. HP: 19/21 MP: 3/5
   696 | D:1      | Discovered your monstrous ancestry.
   696 | D:1      | Mutation became permanent: You have a pair of small horns
                  | on your head. [demonic ancestry]
   696 | D:1      | Gained mutation: You have a pair of horns on your head.
                  | [demonic ancestry]
   696 | D:1      | Reached XP level 3. HP: 19/26 MP: 4/6
  1681 | D:2      | Noticed Jessica
  1685 | D:2      | Killed Jessica
  1686 | D:2      | Reached XP level 4. HP: 25/32 MP: 5/7
  1695 | D:2      | Learned a level 3 spell: Spider Form
  2205 | D:3      | Found a burning altar of Makhleb.
  2944 | D:4      | Noticed a black bear
  3109 | D:4      | Noticed a phantom
  3127 | D:4      | Gained mutation: Your touch may inflict minor irresistible
                  | damage on your foes. [demonic ancestry]
  3127 | D:4      | Reached XP level 5. HP: 16/38 MP: 6/8
  3131 | D:4      | Killed a phantom
  3132 | D:4      | Reached skill level 1 in Poison Magic
  3712 | D:4      | Noticed an ogre
  3723 | D:4      | Killed an ogre
  3724 | D:4      | Reached XP level 6. HP: 20/44 MP: 5/10
  4134 | D:4      | Found a transporter.
  4135 | D:4      | Noticed bmj180's ghost (amateur MfGl)
  4141 | D:4      | Found a transporter.
  4214 | D:4      | Noticed Ijyb
  4219 | D:4      | Killed Ijyb
  4360 | D:4      | Reached XP level 7. HP: 51/51 MP: 7/11
  4536 | D:5      | Entered Level 5 of the Dungeon
  4745 | D:5      | Found a glowing drain.
  4762 | Sewer    | Entered a sewer
  5703 | D:5      | Reached skill level 5 in Unarmed Combat
  5808 | D:5      | Found a staircase to the Ecumenical Temple.
  5886 | Temple   | Entered the Ecumenical Temple
  6093 | Temple   | Became a worshipper of Ru the Awakened
  6118 | D:5      | Learned a level 4 spell: Ice Form
  6305 | D:5      | Reached skill level 1 in Ice Magic
  6305 | D:5      | Reached XP level 8. HP: 29/57 MP: 11/13
  6904 | D:6      | Found a runed translucent door.
  6905 | D:6      | Noticed Crazy Yiuf
  7000 | D:6      | Reached skill level 5 in Transmutations
  7196 | D:6      | Noticed Sigmund
  7196 | D:6      | Noticed Pikel
  7487 | D:5      | Killed Pikel
  8455 | D:6      | Killed Sigmund
  8456 | D:6      | Gained mutation: You have a pair of horns on your head.
                  | [demonic ancestry]
  8456 | D:6      | Reached XP level 9. HP: 57/65 MP: 13/15
  9104 | D:6      | Killed Crazy Yiuf
  9901 | D:7      | Found a bloodstained altar of Trog.
 12020 | D:7      | Found a bloodstained altar of Trog.
 12805 | D:8      | Noticed an orc sorcerer
 12987 | D:8      | Noticed an orc sorcerer
 13280 | D:8      | Killed an orc sorcerer
 13281 | D:8      | Reached skill level 5 in Spellcasting
 13281 | D:8      | Gained mutation: You sometimes gain a little power by
                  | taking damage. [demonic ancestry]
 13281 | D:8      | Reached XP level 10. HP: 73/73 MP: 13/17
 13356 | D:8      | Noticed a rust devil
 13357 | D:8      | Killed an orc sorcerer
 13358 | D:8      | Reached skill level 5 in Fighting
 13358 | D:8      | Reached skill level 5 in Dodging
 13358 | D:8      | Reached skill level 5 in Ice Magic
 13427 | D:8      | Identified the +0 hat "Tyhu Izue" {rPois}
 13435 | D:8      | Identified a scroll of acquirement
 13435 | D:8      | Acquired 578 gold pieces
 15399 | D:10     | Entered Level 10 of the Dungeon
 15486 | D:10     | HP: 4/91 [poisoned by a gnoll sergeant]
 15488 | D:10     | HP: 1/91 [poisoned by a gnoll sergeant]
 15493 | D:10     | HP: 2/91 [poisoned by a gnoll sergeant]
 15979 | D:10     | Found the +0 staff of Battle
 16009 | D:10     | Gained mutation: Your touch may inflict irresistible damage
                  | on your foes. [demonic ancestry]
 16009 | D:10     | Reached XP level 11. HP: 19/81 MP: 19/19
 16612 | D:10     | Found a broken altar of Ashenzari.
 16918 | D:11     | Found a staircase to the Lair.
 16936 | D:11     | Noticed a skeletal warrior
 16959 | D:11     | Killed a skeletal warrior
 17178 | D:11     | Noticed a seven-headed hydra
 17224 | D:11     | Killed a seven-headed hydra
 17307 | D:11     | Noticed a two-headed ogre
 17384 | D:11     | Noticed a five-headed hydra
 17393 | D:11     | Killed a five-headed hydra
 17586 | D:11     | Gained mutation: You sometimes lose the ability to read
                  | scrolls when taking damage. [Ru sacrifice]
 17586 | D:11     | Reached * piety under Ru
 17607 | D:11     | Found a staircase to the Orcish Mines.
 17921 | D:11     | Killed a two-headed ogre
 18102 | Lair:1   | Entered Level 1 of the Lair of Beasts
 18153 | Lair:1   | Reached XP level 12. HP: 76/91 MP: 18/22
 18174 | Lair:1   | Reached skill level 10 in Unarmed Combat
 18447 | Lair:1   | Noticed a six-headed hydra
 18455 | Lair:1   | Killed a six-headed hydra
 19053 | Lair:1   | Reached skill level 10 in Transmutations
 19373 | Lair:2   | Found a staircase to the Snake Pit.
 19802 | Lair:2   | Found a runed translucent door.
 19810 | Lair:2   | Noticed Hasart's ghost (journeyman DgTm)
 19967 | Lair:2   | Gained mutation: You cannot study or use magical devices.
                  | [Ru sacrifice]
 19967 | Lair:2   | Reached ** piety under Ru
 19967 | Lair:2   | Reached *** piety under Ru
 20247 | Lair:2   | Identified the +1 trident "Neylangi" {distort, *Slow rF+
                  | rN+++ Int-5}
 20322 | Lair:3   | Noticed a seven-headed hydra
 20331 | Lair:3   | HP: 5/110 [seven-headed hydra (10)]
 20331 | Lair:3   | Slain by a seven-headed hydra

Illustrated notes

Levels and vault maps discovered:
D:1:      dpeg_arrival_leaves_temple_mockup, layout_rooms,
          dilly_ecumenical_altar_fadedgnrine
D:2:      layout_rooms, bh_walls_and_bars, uniq_jessica
D:3:      layout_loops_ring, bloody_makhleb
D:4:      layout_basic, gammafunk_ghost_smash, uniq_ijyb
D:5:      layout_loops_ring, minmay_temple_entry_crystal_x,
          portal_sewer_entry_e, kennysheep_generic_room_6
D:6:      hellmonk_destroyed_diamonds, layout_rooms, kennysheep_dice,
          uniq_sigmund, uniq_pikel, uniq_crazy_yiuf_cottage
D:7:      layout_rooms, trog_ov_bears_minmay
D:8:      cheibrodos_wizards_tower, layout_cave_pools, serial_glass,
          glass_columns_b, glass_columns_a, feat_on_display,
          minmay_strange_pillars, due_unseen_surprise, item_on_display_a
D:9:      layout_loops_corners, special_room [special_room_orc]
D:10:     layout_irregular_city, nicolae_overflow_hidden_temple,
          nicolae_twisting_strands, hellmonk_guarded_unrand_staff_of_battle
D:11:     layout_stronghold, due_lair_maze_entry_diamond, david_orc_4
Temple:   eino_temple_scatter_basement
Lair:1:   layout_cave_pods, eino_small_chamber_without_monster,
          chequers_serial_rivers_small_b, nicolae_lair_lakeside_cave
Lair:2:   layout_roguey, guppyfry_snake_entry_island,
          ebering_ghost_funeral_grove, infiniplex_staircase_pool,
          lemuel_fruit_fields
Lair:3:   layout_regular_city, shoals_dummy_entry, uniq_snorg

Skill      XL: |  1  2  3  4  5  6  7  8  9 10 11 12 |
---------------+-------------------------------------+-----
Transmutations | 2 3 4 5 6 8 9 10 | 10.5
Unarmed Combat | 3 4 5 6 7 8 9 10 | 10.7
Dodging        | 2 3 4 5 6 7 |  7.5
Poison Magic   | 1 |  1.0
Fighting       | 2 3 4 6 7 8 |  8.0
Spellcasting   | 3 4 5 6 7 |  7.5
Ice Magic      | 1 3 4 5 |  5.0

Action                   |  1- 3 |  4- 6 |  7- 9 | 10-12 || total
-------------------------+-------+-------+-------+-------++-------
Melee: Unarmed           |    91 |   106 |   432 |   585 ||  1214
       Kick              |    17 |    16 |     2 |       ||    35
       Headbutt          |     9 |    11 |     8 |       ||    28
       Punch             |       |     2 |       |       ||     2
       Touch             |       |     6 |     6 |       ||    12
 Cast: Beastly Appendage |    22 |    25 |     4 |     2 ||    53
       Spider Form       |       |     5 |    31 |       ||    36
       Ice Form          |       |       |    32 |    51 ||    83
Invok: Reject Sacrifices |       |       |     1 |       ||     1
       Sacrifice Words   |       |       |       |     1 ||     1
       Sacrifice Artific |       |       |       |     1 ||     1
Evoke: Wand              |       |       |       |     2 ||     2
  Use: Scroll            |     1 |     5 |     7 |     9 ||    22
       Potion            |       |       |     2 |     1 ||     3
 Stab: Sleeping          |     2 |     1 |     1 |       ||     4
       Distracted        |       |       |       |     1 ||     1
Armor: Robe              |    21 |    11 |     6 |       ||    38
       Skin              |       |     2 |   100 |   152 ||   254
Dodge: Dodged            |    57 |    70 |   392 |   370 ||   889

Table legend: (Time is in decaauts)
 A = Elapsed time spent in this place.
 B = Non-inter-level travel time spent in this place.
 C = Inter-level travel time spent in this place.
 D = Time resting spent in this place.
 E = Time spent auto-exploring this place.
 F = Levels seen in this place.
 G = Mean time per level.
                   A        B        C        D        E       F      G
               +--------+--------+--------+--------+--------+-----+--------+
         Total |  20241 |  19526 |    715 |   3625 |  12825 |  16 | 1265.1 |
       Dungeon |  16905 |  16324 |    581 |   3366 |  10499 |  11 | 1536.8 |
        Temple |    225 |    174 |     51 |      0 |    157 |   1 |  225.0 |
          Lair |   2195 |   2113 |     82 |    222 |   1508 |   3 |  731.7 |
         Sewer |    914 |    914 |      0 |     37 |    660 |   1 |  914.0 |
               +--------+--------+--------+--------+--------+-----+--------+

Top non-repeatable levels by time:
     D:7: 2289 daAuts
     D:5: 2053 daAuts
     D:6: 1955 daAuts
     D:9: 1954 daAuts
     D:8: 1807 daAuts
     D:4: 1543 daAuts
    D:11: 1359 daAuts
     D:2: 1277 daAuts
  Lair:1: 1224 daAuts
    D:10: 964 daAuts
   Sewer: 914 daAuts
  Lair:2: 908 daAuts
     D:1: 897 daAuts
     D:3: 804 daAuts
  Temple: 225 daAuts
